 Dungeon Crawl Stone Soup version 0.30-a0-627-gc11e7ae810 (webtiles) character file.

Game seed: 15911494590286657255

288 Citaku the Covered (level 6, -3/55 HPs)
             Began as a Minotaur Fighter on Jan 12, 2023.
             Slain by an ogre
             ... wielding a +0 giant club
              (21 damage)
             ... on level 5 of the Dungeon.
             The game lasted 00:03:59 (2718 turns).

Citaku the Covered (Minotaur Fighter)               Turns: 2718, Time: 00:04:00

Health: -3/55      AC:  7    Str: 23    XL:     6   Next: 9%
Magic:  5/5        EV:  9    Int: 11    God:
Gold:   183        SH:  4    Dex:  9    Spells: 5/5 levels left

rFire   + . .      SeeInvis .    a - +0 war axe
rCold   + . .      Faith    .    c - +0 buckler
rNeg    . . .      Spirit   .    b - +0 scale mail
rPois   .          Reflect  .    (helmet restricted)
rElec   .          Harm     .    r - scarf {rC+ rF+}
rCorr   .          Rampage  .    (no gloves)
Will    .....                    (no boots) Stlth
                                 (no amulet)
HPRegen 0.29/turn                j - +6 ring of intelligence
MPRegen 0.09/turn                (no ring)

@: no status effects
A: horns 2, retaliatory headbutt
a: no special abilities


You were on level 5 of the Dungeon.
You visited 2 branches of the dungeon, and saw 6 of its levels.

You collected 183 gold pieces.

Inventory:

Hand Weapons
 a - a +0 war axe (weapon)
Missiles
 m - a throwing net (quivered)
Armour
 b - a +0 scale mail (worn)
 c - a +0 buckler (worn)
 r - a scarf of resistance (worn)
Jewellery
 j - a +6 ring of intelligence (left hand)
Wands
 s - a wand of polymorph (8)
Scrolls
 e - 2 scrolls of enchant weapon {unknown}
 f - 3 scrolls of fear {unknown}
 i - 3 scrolls of identify {unknown}
 p - a scroll of enchant armour {unknown}
 q - 2 scrolls of teleportation {unknown}
 t - a scroll of magic mapping {unknown}
Potions
 d - a potion of might
 g - a potion of mutation {unknown}
 h - 3 potions of curing {unknown}
 k - a potion of attraction {unknown}
 l - a potion of flight {unknown}
 n - a potion of ambrosia {unknown}
 o - a potion of resistance {unknown}


   Skills:
 + Level 4.9 Fighting
 * Level 5.2 Axes
 * Level 5.9 Armour
 - Level 3.6 Shields


You had 5 spell levels left.
You didn't know any spells.
Your spell library contained the following spells:

 Spells                   Type           Power      Damage    Failure   Level
 Sting                    Tmut/Pois      0%         1d3       73%         1
 Blink                    Tloc           0%         N/A       86%         2
 Momentum Strike          Conj/Tloc      0%         3d8       86%         2
 Poisonous Vapours        Pois/Air       0%         N/A       86%         2
 Inner Flame              Hex/Fire       0%         N/A       97%         3
 Lesser Beckoning         Tloc           0%         N/A       97%         3
 Stone Arrow              Conj/Erth      0%         3d7       97%         3
 Animate Armour           Summ/Erth      0%         N/A       100%        4
 Cause Fear               Hex            0%         N/A       100%        4
 Olgreb's Toxic Radiance  Pois           0%         N/A       100%        4
 Conjure Ball Lightning   Conj/Air       0%         3x3d6     100%        6
 Discord                  Hex            0%         N/A       100%        8
 Disjunction              Tloc           0%         N/A       100%        8
 Lehudib's Crystal Spear  Conj/Erth      0%         10d2      100%        8


Dungeon Overview and Level Annotations

Branches:
Dungeon (5/15)             Temple (1/1) D:4

Altars:
Ashenzari
Dithmenos
Elyvilon
Kikubaaqudgha
Ru
Vehumet
Xom
Yredelemnul
Zin


Innate Abilities, Weirdness & Mutations

You have a pair of horns on your head.
You reflexively headbutt those who attack you in melee.


Message History

The orc wizard shouts!
The orc shouts!
The orc throws a boomerang.
The boomerang hits you.
The ogre moves out of view.
Found a stone staircase leading down.
The orc throws a boomerang.
The boomerang barely misses you.
The orc throws a boomerang.
The boomerang hits you.
The orc wizard gestures at you while chanting.
You resist with some effort.
You barely miss the ogre. You headbutt the ogre.
The ogre is lightly wounded.
The orc wizard gestures wildly while chanting.
The orc wizard flickers and vanishes!
Deactivating autopickup; reactivate with Ctrl-A.
You block the ogre's attack.
You barely miss the ogre.
The ogre is lightly wounded.
The ogre hits you with a +0 giant club.
You slash the ogre!
The ogre is heavily wounded.
You closely miss the orc.
The ogre hits you with a +0 giant club!!
You slash the ogre!
The ogre is severely wounded.
You closely miss the orc. You barely miss something.
You hear some strange, mumbled words.
A puff of flame appears from out of thin air!
The puff of flame hits you. You resist. The orc hits you with a +0 short sword.
The ogre closely misses you.
You hit the ogre. Your headbutt misses the ogre.
The ogre is severely wounded.
You slash the orc!
You kill the orc!
You hit something.
You hear some strange, mumbled words.
Something tries to affect you, but you resist.
You barely miss the ogre. You headbutt the ogre.
The ogre is almost dead.
You barely miss the orc. You closely miss something. Something hits you.
The orc hits you but does no damage.
The ogre hits you with a +0 giant club!!
You die...

#... ###.. #... #...# .
#...###...# ..
#........# ...
##.(......#....
#..............
#...#..o{......
#...#..@Oo.....
#......##o>.... #......#
...## ####...##....#
###..)..#....# ...
#.......#....#.....####.
#.......#....#.....#....
#......##..........#.#..
#......##..........#.#..


You could see an ogre, an orc wizard and 2 orcs.

Vanquished Creatures
  A hound (D:4)
  2 jellies
  2 iguanas (D:4)
  An orc wizard (D:3)
  5 adders
  A shadow imp (D:5)
  4 orcs
  8 endoplasms
  5 giant cockroaches
  4 goblins
  6 hobgoblins
  4 jackals (D:4)
  8 kobolds
  2 quokkas
  4 ball pythons
  4 bats
  3 frilled lizards
  4 rats
68 creatures vanquished.

Vanquished Creatures (others)
  A plant (D:2)
1 creature vanquished.

Grand Total: 69 creatures vanquished

Notes
Turn   | Place    | Note
-------+----------+-------------------------------------------
     0 | D:1      | Citaku the Minotaur Fighter began the quest for the Orb.
     0 | D:1      | Reached XP level 1. HP: 19/19 MP: 0/0
   267 | D:1      | Reached XP level 2. HP: 27/27 MP: 1/1
  1056 | D:2      | Reached XP level 3. HP: 33/33 MP: 2/2
  1065 | D:2      | Found a faded altar of an unknown god.
  1765 | D:3      | Reached XP level 4. HP: 29/40 MP: 3/3
  1870 | D:3      | You fall into a shaft and drop 1 floor!
  1939 | D:4      | Found a broken altar of Ashenzari.
  1950 | D:4      | Found a staircase to the Ecumenical Temple.
  1970 | Temple   | Entered the Ecumenical Temple
  2091 | D:4      | Reached skill level 5 in Armour
  2131 | D:4      | Reached XP level 5. HP: 31/47 MP: 4/4
  2232 | D:4      | Found a shimmering altar of Xom.
  2236 | D:4      | Noticed an angel
  2381 | D:4      | Found a glowing silver altar of Zin.
  2448 | D:4      | Reached skill level 5 in Axes
  2625 | D:5      | Entered Level 5 of the Dungeon
  2632 | D:5      | Reached XP level 6. HP: 49/55 MP: 5/5
  2718 | D:5      | Slain by an ogre

Illustrated notes

Levels and vault maps discovered:
D:1:      psy_arrival_terrarium, layout_basic, chequers_mini_garden
D:2:      layout_loops_ring, chequers_ecumenical_altar_lobes
D:3:      minmay_chambers_of_twos, layout_basic,
          mainiacjoe_overflow_tiny_flanked, mainiacjoe_overflow_alcove_2,
          mainiacjoe_overflow_boulevard
D:4:      layout_cave_pools, grunt_temple_overflow_order_and_chaos_1,
          cheibrodos_ashenzari_chains, minmay_temple_entry_mist,
          nrook_mini_vaults
D:5:      lemuel_insect_pit, layout_basic, gammafunk_temple_overflow_wave,
          minmay_fractal_squares_diagonal_5, uniq_duvessa, uniq_ijyb
Temple:   hellmonk_temple_beads

Skill      XL: |  1  2  3  4  5 |
---------------+----------------+-----
Armour         | 4 5 |  5.9
Axes           | 3 4 5 |  5.2
Fighting       | 4 |  4.9
Shields        | |  3.6

Action                   |  1- 3 |  4- 6 || total
-------------------------+-------+-------++-------
Melee: War axe           |    80 |    65 ||   145
       Headbutt          |    12 |    11 ||    23
Armor: Scale mail        |    49 |    43 ||    92
Dodge: Dodged            |    45 |    41 ||    86
Block: Buckler           |    18 |    22 ||    40

Table legend: (Time is in decaauts)
 A = Elapsed time spent in this place.
 B = Non-inter-level travel time spent in this place.
 C = Inter-level travel time spent in this place.
 D = Time resting spent in this place.
 E = Time spent auto-exploring this place.
 F = Levels seen in this place.
 G = Mean time per level.
                   A        B        C        D        E       F      G
               +--------+--------+--------+--------+--------+-----+--------+
         Total |   2773 |   2737 |     36 |    118 |   1990 |   6 |  462.2 |
       Dungeon |   2666 |   2630 |     36 |    118 |   1903 |   5 |  533.2 |
        Temple |    106 |    106 |      0 |      0 |     87 |   1 |  106.0 |
               +--------+--------+--------+--------+--------+-----+--------+

Top non-repeatable levels by time:
     D:1: 890 daAuts
     D:2: 761 daAuts
     D:4: 665 daAuts
     D:3: 253 daAuts
  Temple: 106 daAuts
     D:5: 95 daAuts
